 Dungeon Crawl Stone Soup version 0.19-a0-1855-gb7442ac (webtiles) character file.

588 KarmaPolice the Vandal (level 7, 0/47 HPs)
             Began as a Halfling Hunter on Oct 12, 2016.
             Was an Initiate of Okawaru.
             Slain by a sky beast (6 damage)
             ... on level 5 of the Dungeon.
             The game lasted 00:10:59 (4595 turns).

KarmaPolice the Vandal (Halfling Hunter)            Turns: 4595, Time: 00:11:00

Health: 0/47       AC:  4    Str: 13    XL:     7   Next: 65%
Magic:  8/8        EV: 16    Int:  9    God:    Okawaru [......]
Gold:   254        SH:  0    Dex: 17    Spells: 0 memorised, 6 levels left

rFire  . . .     SeeInvis .     x - +2 dagger (venom)
rCold  . . .     Gourm    .     c - +0 leather armour
rNeg   . . .     Faith    .     (shield restricted)
rPois  .         Spirit   .     (no helmet)
rElec  .         Dismiss  .     (no cloak)
rCorr  .         Reflect  .     G - +0 pair of gloves (curse)
MR     .....     Harm     .     (no boots)
Stlth  +.........               (no amulet)
                                (no ring)
                                (no ring)

@: confused
A: mutation resistance 1
a: Renounce Religion


You were on level 5 of the Dungeon.
You worshipped Okawaru.
Okawaru was noncommittal.
You were not hungry.

You visited 2 branches of the dungeon, and saw 6 of its levels.

You collected 254 gold pieces.

Inventory:

Hand Weapons
 a - a +1 hunting sling
 m - a +1 dagger of draining
 x - a +2 dagger of venom (weapon)
Missiles
 d - 15 sling bullets
 e - 114 stones (quivered)
Armour
 c - a +0 leather armour (worn)
 G - a cursed +0 pair of gloves (worn)
Jewellery
 q - a +2 ring of dexterity {unknown}
Wands
 w - a wand of iceblast (7/15)
 B - a wand of iceblast (5/15)
 D - a wand of slowing (22/48)
Scrolls
 h - 6 scrolls of remove curse {unknown}
 k - a scroll of noise {unknown}
 l - 2 scrolls of teleportation {unknown}
 n - a scroll of fear {unknown}
 p - a scroll of recharging {unknown}
 u - 2 scrolls of identify {unknown}
 y - a scroll of enchant armour {unknown}
 F - a scroll of immolation {unknown}
Potions
 b - a potion of ambrosia
 i - a potion of curing {unknown}
 j - a potion of cure mutation {unknown}
 t - 2 potions of might {unknown}
 v - a potion of agility {unknown}
 z - a potion of heal wounds {unknown}
 A - a potion of berserk rage {unknown}
Books
 C - a book of Callings

   Spells                             Type                      Level
   a - Summon Small Mammal            Summoning                    1
   b - Call Imp                       Summoning                    2
   c - Call Canine Familiar           Summoning                    3
   d - Summon Guardian Golem          Hexes/Summoning              3
   e - Summon Lightning Spire         Summoning/Air                4
   f - Summon Ice Beast               Ice/Summoning                4
Comestibles
 f - 2 bread rations
 g - 2 meat rations
 o - 9 fruits
 r - a beef jerky
 s - 3 slices of pizza


   Skills:
 + Level 3.8 Fighting
 + Level 4.4 Short Blades
 - Level 7.2 Slings
 + Level 4.4 Dodging
 - Level 2.1 Stealth
 + Level 2.0 Invocations


You had 6 spell levels left.
You didn't know any spells.

Dungeon Overview and Level Annotations

Branches:
Dungeon (5/15)             Temple (1/1) D:5

Altars:
Ashenzari
Cheibriados
Dithmenos
Elyvilon
Fedhas
Gozag
Hepliaklqana
Makhleb
Nemelex Xobeh
Okawaru
Qazlal
Ru
Vehumet
Xom
Yredelemnul
Zin
The Shining One


Innate Abilities, Weirdness & Mutations

You are small and have problems with some larger weapons.
You are somewhat resistant to further mutation.


Message History

Deactivating autopickup; reactivate with Ctrl-A.
Something barely misses you.
No target in view!
No target in view!
No target in view!
You completely miss something. Something completely misses you.
You miss something. You hit something. Something hits you.
Something shocks you.
You closely miss something. Something hits you. Something shocks you.
* * * LOW HITPOINT WARNING * * *
You hit something. Something hits you.
* * * LOW HITPOINT WARNING * * *
Something shocks you.
* * * LOW HITPOINT WARNING * * *
It was a potion of ambrosia.
You are confused.
You feel invigorated. Something hits you.
* * * LOW HITPOINT WARNING * * *
Something shocks you.
You die...

##.# ## ##.## #.#
##.## #.## ##.## #.##
##.## ## ##..###.##
.####.......#
............########
.............#..@..#
...............####..#
.........._...## ...#
...##....####..# ..#
....##....# ##..# .#
##........# #..# .#
###.......# #.. .
##.......# #..
##...#... ..#


There were no monsters in sight!

Vanquished Creatures
  An ice beast (D:5)
  The ghost of Amnesiac the Sneak, an amateur DEAs (D:5)
  A crimson imp (D:5)
  4 hounds
  3 orc wizards
  A centaur skeleton (D:4)
  A worker ant (D:4)
  3 adders
  An ooze (D:3)
  5 worms
  2 dart slugs
  A leopard gecko (D:2)
  9 orcs
  5 giant cockroaches
  11 goblins
  4 hobgoblins
  4 jackals
  12 kobolds
  2 quokkas
  3 ball pythons
  9 bats
  3 frilled lizards
  A jackal skeleton (D:5)
  A leopard gecko zombie (D:5)
  9 rats
97 creatures vanquished.

Notes
Turn   | Place    | Note
-------+----------+-------------------------------------------
     0 | D:1      | KarmaPolice the Halfling Hunter began the quest for the Orb.
     0 | D:1      | Reached XP level 1. HP: 14/14 MP: 1/1
   434 | D:1      | Reached XP level 2. HP: 18/19 MP: 2/2
   512 | D:1      | Reached skill level 1 in Short Blades
   681 | D:1      | Reached skill level 6 in Slings
   749 | D:1      | Reached XP level 3. HP: 12/24 MP: 3/3
  1329 | D:2      | Reached XP level 4. HP: 23/29 MP: 4/4
  1916 | D:3      | Reached XP level 5. HP: 30/35 MP: 5/5
  2489 | D:4      | Reached XP level 6. HP: 36/41 MP: 6/6
  2504 | D:4      | Reached skill level 7 in Slings
  3176 | D:5      | Entered Level 5 of the Dungeon
  3176 | D:5      | Found a hazy altar of Hepliaklqana.
  3208 | D:5      | Found a staircase to the Ecumenical Temple.
  3221 | Temple   | Entered the Ecumenical Temple
  3499 | Temple   | Became a worshipper of Warmaster Okawaru
  3611 | D:5      | Found a hazy altar of Hepliaklqana.
  3614 | D:5      | Found a stormy altar of Qazlal.
  4003 | D:5      | Reached XP level 7. HP: 44/46 MP: 7/7
  4058 | D:5      | Reached skill level 1 in Invocations
  4478 | D:5      | Noticed Amnesiac's ghost (amateur DEAs)
  4508 | D:5      | Killed Amnesiac's ghost
  4544 | D:5      | Found a burning altar of Makhleb.
  4595 | D:5      | Slain by a sky beast

Vault maps used:
D:1:      scummos_arrival_forest
D:2:      first_bread
D:4:      kennysheep_big_flooded_room, serial_corexii_hall,
          corexii_hall_statues_i, corexii_hall_statues_l,
          corexii_hall_statues_i, minmay_cut_off
D:5:      overflow_temple_1_default, minitemple, basic_altar
Temple:   dpeg_chambers_temple

Skill      XL: |  1  2  3  4  5  6  7 |
---------------+----------------------+-----
Short Blades   | 1 2 3 4 |  4.4
Fighting       | 2 3 |  3.8
Slings         | 6 7 |  7.2
Stealth        | 2 |  2.1
Dodging        | 3 4 |  4.4
Invocations    | 2 |  2.0

Action                   |  1- 3 |  4- 6 |  7- 9 || total
-------------------------+-------+-------+-------++-------
Melee: Short sword       |    59 |       |       ||    59
       Dagger            |    58 |   167 |    52 ||   277
 Fire: Hunting sling     |    12 |     4 |    29 ||    45
  Use: Potion            |       |       |     1 ||     1
 Stab: Sleeping          |     4 |     4 |       ||     8
       Distracted        |       |     1 |       ||     1
  Eat: Chunk             |     1 |     9 |     2 ||    12
Armor: Leather armour    |    25 |    16 |     6 ||    47
Dodge: Dodged            |   103 |   102 |    44 ||   249
